 Dungeon Crawl Stone Soup version 0.18-a0-1229-ge9a1a01 (webtiles) character file.

173 MrRokkomies the Bolt Thrower (level 5, 0/33 HPs)
             Began as a Gargoyle Hunter on Feb 4, 2016.
             Killed by nerve-wracking pain
             ... invoked by a shadow imp
              (14 damage)
             ... on level 3 of the Dungeon.
             The game lasted 00:05:43 (2101 turns).

MrRokkomies the Bolt Thrower (Gargoyle Hunter)      Turns: 2101, Time: 00:05:43

Health: 0/33       AC: 14    Str: 16    XL:     5   Next: 53%
Magic:  5/5        EV:  7    Int: 14    God:
Gold:   94         SH:  0    Dex: 11    Spells: 0 memorised, 4 levels left

rFire  . . .     SeeInvis .     a - +2 hand crossbow
rCold  . . .     Gourm    .     e - +0 chain mail
rNeg   + . .     Faith    .     (no shield)
rPois  ∞         Spirit   .     (no helmet)
rElec  +         Dismiss  .     (no cloak)
rCorr  .         Reflect  .     n - +0 pair of gloves
SustAt .         Harm     .     (no boots)
MR     .....                    (no amulet)
Stlth  ..........               (no ring)
                                c - +3 ring of intelligence

@: not resistant to hostile enchantments, extremely unstealthy
A: negative energy resistance 1, electricity resistance, unbreathing,
petrification resistance, rot immunity, AC +4
a: no special abilities


You were on level 3 of the Dungeon.
You were not hungry.

You visited 1 branch of the dungeon, and saw 3 of its levels.

You collected 94 gold pieces.

Inventory:

Hand Weapons
 a - a +2 hand crossbow (weapon)
 b - a +0 flail
Missiles
 d - 28 bolts (quivered)
 o - 14 poisoned needles
Armour
 e - a +0 chain mail (worn)
 n - a +0 pair of gloves (worn)
Jewellery
 c - a +3 ring of intelligence (left hand)
Scrolls
 k - a scroll of identify
 m - a scroll of remove curse
Potions
 h - a potion of magic
 i - 2 potions of curing
 j - 2 potions of lignification {unknown}
 l - a potion of agility {unknown}
 q - 2 potions of heal wounds {unknown}
Comestibles
 f - a bread ration
 g - 2 meat rations
 p - 7 chunks of flesh


   Skills:
 - Level 4.0 Fighting
 * Level 2.1 Maces & Flails
 - Level 4.0 Crossbows
 * Level 3.4 Armour
 - Level 1.5 Dodging
 - Level 1.1 Stealth


You had 4 spell levels left.
You didn't know any spells.

Dungeon Overview and Level Annotations

Branches:
Dungeon (3/15)

Altars:


Innate Abilities, Weirdness & Mutations

You are resistant to torment.
Your stone body is resilient (AC +4).
You are immune to poison.
You resist negative energy.
You are resistant to electric shocks.
You can survive without breathing.
You are immune to petrification.
You are immune to rotting.


Message History

The orc priest invokes the aid of Beogh against you.
Pain shoots through your body! The orc hits you but does no damage.
The orc priest completely misses you.
A shadow imp comes into view.
Firing (i - inventory):
d - 30 bolts (quivered)
Press: ? - help, Shift-Dir - straight line, f/p - orc priest
Aim: an orc priest, wielding a mace of protection (moderately wounded)
You shoot a bolt. The bolt hits the orc priest!
You kill the orc priest!
Your Maces & Flails skill increases to level 2!
The orc closely misses you.
Firing (i - inventory):
d - 29 bolts (quivered)
Press: ? - help, Shift-Dir - straight line, f - orc
Aim: an orc, wielding a club You shoot a bolt.
The bolt hits the orc.
The orc is lightly wounded.
The orc barely misses you. The shadow imp gestures at you.
Pain shoots through your body!
You die...

.......#####.... ..
.................. ...
....................
..............#....
.######............#....
...................#....
..............(....#....
...................#....
(.....)@.........).#....
..5...(o........).......
..............####.....#
..............# #.....#
(......####...# #.....#
....... #...# #.....#
####### #...# #.....#
##### #.....# #.....#


You could see a shadow imp and an orc.

Vanquished Creatures
  2 orc priests (D:3)
  4 gnolls
  An adder (D:2)
  2 worms (D:2)
  A giant gecko (D:1)
  3 orcs (D:3)
  4 giant cockroaches
  6 goblins
  10 hobgoblins
  4 bats
  7 giant newts
  12 kobolds
  5 rats
61 creatures vanquished.

Notes
Turn   | Place    | Note
--------------------------------------------------------------
     0 | D:1      | MrRokkomies the Gargoyle Hunter began the quest for the Orb.
     0 | D:1      | Reached XP level 1. HP: 12/12 MP: 1/1
   190 | D:1      | Reached XP level 2. HP: 12/18 MP: 2/2
   421 | D:1      | Reached skill level 1 in Armour
   901 | D:2      | Reached XP level 3. HP: 23/23 MP: 3/3
  1563 | D:2      | Reached XP level 4. HP: 29/29 MP: 4/4
  1964 | D:3      | Reached skill level 1 in Maces & Flails
  2002 | D:3      | Reached XP level 5. HP: 25/33 MP: 5/5
  2101 | D:3      | Killed from afar by a shadow imp

Vault maps used:
D:1:      minmay_arrival_diagonal_passages, serial_bayou_pond_a,
          kennysheep_another_room
D:3:      first_bread, uniq_iyjb

Action                   |  1- 3 |  4- 6 || total
-------------------------+-------+-------++-------
Melee: Short sword       |   142 |       ||   142
       Mace              |    55 |    43 ||    98
       Flail             |       |    20 ||    20
 Fire: Hand crossbow     |    15 |    14 ||    29
  Use: Scroll            |     8 |       ||     8
  Eat: Chunk             |     2 |     2 ||     4
